AoeStats
← Governor

Four Lakes

510274283Analyzed
1v1 RM · 1d ago on Sep 30, 2026· 29m 5s· 2 players
Game mode
Random Map
Map size
Tiny (2 player)
Population
200
Speed
Normal
Resources
Standard
Victory
Conquest
Starting age
Dark Age
Ending age
Imperial Age
RankedLock teamsTeams togetherTeam positionsShared explorationLock speedFull tech treeHidden civsTurbo modeCheats
Victory
Defeat
🇦🇺 Burgundians · Australia
304
+15
🇨🇳 Vikings · China
289
-15
Governor
6:01 Loom
11:05 Feudal Age
11:38 Double-Bit Axe
17:13 Horse Collar
19:01 Stone Mining
24:09 Castle Age
24:14 Forging
24:04 Scale Mail Armor
23:56 Fletching
24:21 Pikeman
26:20 Gold Mining
26:21 Stone Mining
26:43 Bow Saw
SKRUBL0RD1050ti
0:48 Loom
11:21 Feudal Age
10:46 Double-Bit Axe
14:23 Gold Mining
15:19 Horse Collar
15:32 Fishing Lines
21:24 Castle Age
21:54 Scale Barding Armor
22:00 Forging
22:28 Bow Saw
22:19 Cavalier
24:02 Husbandry
25:28 Chain Barding Armor
25:44 Iron Casting
25:33 Stone Mining
Connection lost

Rejoining the realm…

Still unreachable

The connection could not be restored.

Session expired

The server has moved on; the page needs a fresh start.